 Dungeon Crawl Stone Soup version 0.31.0-11-ge490571c62 (webtiles) character file.

Game seed: 14307831757837964638

182 qw the Skirmisher (level 5, -4/29 HPs)
             Began as a Deep Elf Hunter on Feb 3, 2024.
             Incinerated by a bombardier beetle (5 damage)
             ... with a burning spray
             ... on level 3 of the Dungeon.
             The game lasted 00:00:07 (2134 turns).

qw the Skirmisher (Deep Elf Hunter)                 Turns: 2134, Time: 00:00:08

Health: -4/29      AC:  9    Str: 10    XL:     5   Next: 35%
Magic:  7/7        EV: 11    Int: 14    God:
Gold:   140        SH:  0    Dex: 18    Spells: 4/4 levels left

rFire   . . .        a - +0 shortbow
rCold   . . .        (shield currently unavailable)
rNeg    . . .        d - +0 ring mail
rPois   .            (no helmet)
rElec   .            (no cloak)
rCorr   .            (no gloves)
SInv    .            (no boots)
Will    .....        (no amulet)
Stlth   +            g - +4 ring of protection
HPRegen 0.24/turn    (no ring)
MPRegen 0.10/turn

%: no passive effects
@: on fire, glowing
A: no striking features
a: no special abilities


You were on level 3 of the Dungeon.
You visited 1 branch of the dungeon, and saw 3 of its levels.

You collected 192 gold pieces.
You spent 52 gold pieces at shops.


   Skills:
 - Level 1.5 Fighting
 + Level 8.8 Ranged Weapons
 - Level 2.4 Dodging
 - Level 1.2 Stealth


You had 4 spell levels left.
You didn't know any spells.
Your spell library was empty.

Inventory:

Hand Weapons
 a - a +0 shortbow (weapon)
Armour
 d - a +0 ring mail (worn)
Jewellery
 g - a +4 ring of protection (left hand)
Wands
 e - a wand of iceblast (9)
 i - a wand of mindburst (20)
Scrolls
 b - a scroll of identify
 c - a scroll of teleportation
 h - 2 scrolls of amnesia {unknown}
Potions
 f - a potion of curing

Dungeon Overview and Level Annotations

Branches:
Dungeon (3/15)

Altars:
Dithmenos
Zin

Shops:
D:2 ?


Message History

You are no longer poisoned.
HP restored.
You now have 129 gold pieces (gained 8).
You now have 133 gold pieces (gained 4).
You open the door.
There is an open door here.
You now have 140 gold pieces (gained 7).
You open the door.
There is an open door here.
You open the door.
A bombardier beetle comes into view.
You shoot an arrow.
The arrow hits the bombardier beetle but does no damage.
You shoot an arrow. The arrow hits the bombardier beetle!
The bombardier beetle is heavily wounded.
You shoot an arrow.
The arrow hits the bombardier beetle but does no damage.
The bombardier beetle is heavily wounded.
The bombardier beetle sprays incendiary fluid at you.
The burning spray hits you.
You are covered in liquid fire!
You shoot an arrow.
The arrow barely misses the bombardier beetle.
The liquid fire burns you!
You shoot an arrow. The arrow hits the bombardier beetle!
You kill the bombardier beetle!
The liquid fire burns you!
You are on fire!
The liquid fire burns you!
You are on fire!
The liquid fire burns you!
You are on fire!
The liquid fire burns you!
You are on fire!
The liquid fire burns you!
You are on fire!
The liquid fire burns you!
You are on fire!
The liquid fire burns you!
You die...

.# #####.# #...#.#
#####.#.#.#
...#.#.#.#
##%#'#'#.#
#..@.....#
#........#
#........#
#........# ######
#........# #.....
#......%#######.###.
##.........##.......
#########.##.#.####
.........#.#.....


There were no monsters in sight!

Vanquished Creatures
  A bombardier beetle (D:3)
  Terence (D:2)
  3 gnolls (D:2)
  4 adders
  2 dart slugs (D:2)
  A ribbon worm (D:2)
  2 bats
  7 endoplasms
  2 giant cockroaches (D:1)
  8 hobgoblins
  3 jackals (D:2)
  2 kobolds
  3 quokkas
  2 ball pythons
  2 frilled lizards (D:1)
  3 goblins
  5 rats
51 creatures vanquished.

Notes
Turn   | Place    | Note
-------+----------+-------------------------------------------
     0 | D:1      | qw the Deep Elf Hunter began the quest for the Orb.
     0 | D:1      | Reached XP level 1. HP: 12/12 MP: 3/3
     0 | D:1      | 0 ||| qw: Version: 0.3-a-157-g843a77d
     0 | D:1      | 0 ||| qw: Game counter: 3571
     0 | D:1      | 0 ||| qw: Melee chars always use a shield: true
     0 | D:1      | 0 ||| qw: God list: Okawaru
     0 | D:1      | 0 ||| qw: Allow faded altars: false
     0 | D:1      | 0 ||| qw: Do Orc after clearing Dungeon:15 true
     0 | D:1      | 0 ||| qw: Do second Lair branch before Depths: true
     0 | D:1      | 0 ||| qw: Lair rune preference: random
     0 | D:1      | 0 ||| qw: Goals: Normal
     0 | D:1      | 0 ||| PLANNING D:1-11
   130 | D:1      | Reached skill level 6 in Ranged Weapons
   130 | D:1      | Reached XP level 2. HP: 16/16 MP: 4/4
   854 | D:1      | 854 ||| UPGRADING to +0 ring mail.
   864 | D:1      | 864 ||| DROPPING +0 leather armour.
   865 | D:1      | 865 ||| UPGRADING to +4 ring of protection.
   866 | D:1      | 866 ||| READING scroll labelled KYVUQI UMPUOCI.
   866 | D:1      | 866 ||| IDENTIFYING glowing blue potion
   867 | D:1      | 867 ||| DROPPING scroll of butterflies.
   888 | D:2      | Noticed Terence
   900 | D:2      | Reached XP level 3. HP: 18/20 MP: 5/5
   900 | D:2      | Killed Terence
   901 | D:2      | Reached skill level 7 in Ranged Weapons
   920 | D:2      | Found Meskeph's Magic Scroll Shoppe.
   926 | D:2      | 926 ||| BUYING scroll of identify (26 gold).
   926 | D:2      | Bought a scroll of identify for 26 gold pieces
   926 | D:2      | 926 ||| BUYING scroll of identify (26 gold).
   926 | D:2      | Bought a scroll of identify for 26 gold pieces
   997 | D:2      | Reached XP level 4. HP: 25/25 MP: 6/6
  1305 | D:2      | Found a faded altar of an unknown god.
  1483 | D:2      | Reached skill level 8 in Ranged Weapons
  1737 | D:2      | 1737 ||| READING 2 scrolls of identify.
  1737 | D:2      | 1737 ||| IDENTIFYING scroll labelled BYPPIDW GYARA
  1827 | D:3      | Found a faded altar of an unknown god.
  1832 | D:3      | Found a glowing silver altar of Zin.
  1847 | D:3      | Reached XP level 5. HP: 29/29 MP: 7/7
  1878 | D:3      | Found a shadowy altar of Dithmenos.
  2132 | D:3      | HP: 6/29 [burnt (4)]
  2133 | D:3      | HP: 1/29 [burnt (5)]
  2134 | D:3      | Incinerated by a bombardier beetle

Levels and vault maps discovered:
D:1:      minmay_arrival_shoal_huts, layout_basic, minmay_misc_feat_hallway
D:2:      layout_loops_ring, shapermc_ecumenical_altar_gd, serial_shops, shop,
          serial_forest, infiniplex_forest_lined_room_2,
          infiniplex_forest_clump_small, infiniplex_forest_lined_4_way,
          infiniplex_forest_lined_2, infiniplex_forest_lined_corner,
          infiniplex_forest_corner_1, infiniplex_forest_clump_large,
          infiniplex_forest_lined_2, infiniplex_forest_lined_corner,
          infiniplex_forest_diagonal, uniq_terence
D:3:      gammafunk_steamed_eel, layout_basic,
          grunt_temple_overflow_magic_moments,
          nicolae_overflow_ecumenical_swirl, mainiacjoe_overflow_boulevard

Skill      XL: |  1  2  3  4 |
---------------+-------------+-----
Ranged Weapons | 6 7 8 |  8.8
Fighting       | |  1.5
Dodging        | |  2.4
Stealth        | |  1.2

Action                     |  1- 3 |  4- 6 || total
---------------------------+-------+-------++-------
   Fire: Shortbow          |    64 |   100 ||   164
    Use: Scroll            |     1 |     1 ||     2
 Armour: Ring mail         |     6 |    27 ||    33
         Leather armour    |     2 |       ||     2
  Dodge: Dodged            |    14 |    25 ||    39

Table legend:
 A = Non-vault XP
 B = Vault XP
 C = Vault XP percentage of total XP
 D = Non-vault monster count
 E = Vault monster count
 F = Vault count percentage of total count
                 A         B        C        D         E       F
            +---------+---------+-------+---------+---------+-------
      Total |     225 |      36 |  13.8 |      50 |       1 |   2.0
            +---------+---------+-------+---------+---------+-------
        D:1 |      34 |       0 |   0.0 |      20 |       0 |   0.0
        D:2 |     120 |      36 |  23.1 |      23 |       1 |   4.2
        D:3 |      71 |       0 |   0.0 |       7 |       0 |   0.0
            +---------+---------+-------+---------+---------+-------
